 Seeded DCSS version 0.30.1-11-g7821555f0a (webtiles) character file.

Game seed: 5129858224507802926 (custom seed)

199 Psyclone the Conjurer (level 5, 0/41 HPs)
             Began as a Draconian Conjurer on Nov 12, 2023.
             Killed from afar by a white imp (9 damage)
             ... with a puff of frost
             ... summoned by Eustachio
             ... on level 4 of the Dungeon.
             The game lasted 00:03:29 (2050 turns).

Psyclone the Conjurer (Draconian Conjurer)          Turns: 2050, Time: 00:03:29

Health: 0/41       AC:  6    Str:  9    XL:     5   Next: 48%
Magic:  0/10       EV: 12    Int: 20    God:
Gold:   189        SH:  0    Dex: 10    Spells: 7/10 levels left

rFire   + + .        (no weapon)
rCold   . . .        (no shield)
rNeg    . . .        (body armour unavailable)
rPois   .            (helmet restricted)
rElec   .            (no cloak)
rCorr   .            (no gloves)
SInv    .            h - +0 pair of boots
Will    .....        (no amulet)
Stlth   ++           (no ring)
HPRegen 0.26/turn    (no ring)
MPRegen 0.12/turn

%: no passive effects
@: no status effects
A: AC +5, unfitting armour, cold-blooded, horns 1, stinger 1, fire resistance 2,
robust 1, wild magic 1, evolution 1
a: no special abilities


You were on level 4 of the Dungeon.
You visited 1 branch of the dungeon, and saw 4 of its levels.

You collected 189 gold pieces.

Inventory:

Armour
 h - a +0 pair of boots (worn)
Scrolls
 c - 2 scrolls of amnesia {unknown}
 d - a scroll of vulnerability {unknown}
 j - a scroll of fear
Potions
 a - a potion of magic
 b - a potion of might {unknown}
 e - a potion of mutation
 f - a potion of flight {unknown}
 g - a potion of berserk rage {unknown}


   Skills:
 - Level 1.7 Dodging
 - Level 1.7 Stealth
 + Level 3.4 Spellcasting
 * Level 6.0 Conjurations


You had 7 spell levels left.
You knew the following spells:

 Your Spells              Type           Power      Damage    Failure   Level
a - Magic Dart            Conj           100%       1d8       2%          1
b - Searing Ray           Conj           72%        2d7       3%          2

Your spell library contained the following spells:

 Spells                   Type           Power      Damage    Failure   Level
 Dazzling Flash           Conj/Hex       40%        N/A       17%         3
 Fulminant Prism          Conj/Hex       10%        3d9       45%         4
 Iskenderun's Mystic Bla  Conj/Tloc      20%        2d6       45%         4


Dungeon Overview and Level Annotations

Branches:
Dungeon (4/15) Zot: 21948
 Temple: D:4-7

Altars:
Elyvilon

Shops:
D:2 =

Annotations:
D:4 Eustachio


Innate Abilities, Weirdness & Mutations

Your plain brown scales are hard. (AC +5)
You cannot fit into any form of body armour.
You are cold-blooded and may be slowed by cold attacks.
You have a pair of small horns on your head.
Your tail ends in a venomous barb.
Your flesh is very heat resistant. (rF++)
You are robust. (+10% HP)
Your spells are a little harder to cast, but a little more powerful.
You have hidden genetic potential.


Message History

You barely miss the white imp. Your headbutt misses the white imp.
The iron imp barely misses you.
Eustachio mumbles some strange words.
The white imp gestures at you. The puff of frost hits you!
You take 10 damage, and have 15/41 hp.
MASSIVE DAMAGE!!
Eustachio yells, "Perjured traitor, DIE!"
Eustachio hits you with a +0 rapier. The white imp misses you.
You take 1 damage, and have 14/41 hp.
You hit Eustachio.
Eustachio is almost dead.
Eustachio misses you. The white imp barely misses you.
You hit Eustachio but do no damage.
Eustachio is almost dead.
The iron imp hits you but does no damage.
Eustachio mumbles some strange words.
Eustachio blinks!
The white imp hits you.
* * * LOW HITPOINT WARNING * * *
The white imp freezes you.
You feel yourself slow down.
* * * LOW HITPOINT WARNING * * *
You take 8 damage, and have 6/41 hp.
Casting: Searing Ray (safe; 3% risk of failure)
Confirm with . or Enter, or press ? or * to list all spells.
Aiming: Magic Dart (safe; 2% risk of failure)
Press: ? - help, Shift-Dir - straight line, f/p - Eustachio
Aim: Eustachio, wielding a +0 rapier and wearing a +0 leather armour (almost dead, 100% to hit)
The magic dart hits Eustachio.
Eustachio is almost dead.
The iron imp disappears in a puff of smoke!
Eustachio casts a spell.
The white imp gestures at you. The puff of frost hits you.
* * * LOW HITPOINT WARNING * * *
You take 5 damage, and have 1/41 hp.
You now have 0/10 mp.
Okay, then.
It was a potion of curing.
You feel better.
You feel yourself speed up.
Eustachio gestures wildly while chanting.
Eustachio blinks!
The white imp gestures at you. The puff of frost hits you!
You die...

....####.. ##...###...###...#..##
.##......##...⌠....._.....⌠......
(# ##.......#...###...###...#....
.###........## ##÷## ##### .
...........# #.# ...>#.....b####
##.## .##..........§#####...#
.####......##r....#.).# .#
#...#.#####.@.#.).#### #
.####...#.# #.5.##)##..#...#
.##....##.# ###.5..).....#
....#..##.. #########.5..#
.......###. ... .##...####.. #
##.....>.... .....####.. .....#


You could see a river rat (summoned), a white imp (summoned), a shadow imp
(summoned) and a bat (summoned, wandering).

Vanquished Creatures
  2 orc priests
  An iguana (D:4)
  2 orc wizards
  2 dart slugs
  15 orcs
  3 bats
  3 endoplasms
  2 giant cockroaches (D:3)
  5 goblins
  3 hobgoblins
  A quokka (D:3)
  4 ball pythons
  2 frilled lizards (D:3)
  A kobold (D:4)
  A rat (D:1)
47 creatures vanquished.

Notes
Turn   | Place    | Note
-------+----------+-------------------------------------------
     0 | D:1      | Psyclone the Draconian Conjurer began the quest for the
                  | Orb.
     0 | D:1      | Reached XP level 1. HP: 14/14 MP: 3/3
   100 | D:2      | Gained mutation: Your flesh is heat resistant. (rF+)
                  | [potion of mutation]
   100 | D:2      | Gained mutation: You are robust. (+10% HP) [potion of
                  | mutation]
   100 | D:2      | Gained mutation: You have a beak for a mouth. [potion of
                  | mutation]
   100 | D:2      | Gained mutation: You passively dampen the noise of your
                  | surroundings. [potion of mutation]
   151 | D:2      | Found Zutuxkoi's Jewellery Shop.
   227 | D:2      | Lost mutation: You passively dampen the noise of your
                  | surroundings. [potion of mutation]
   227 | D:2      | Lost mutation: You have a beak for a mouth. [potion of
                  | mutation]
   227 | D:2      | Gained mutation: You have a pair of small antennae on your
                  | head. [potion of mutation]
   227 | D:2      | Gained mutation: Your spells are a little harder to cast,
                  | but a little more powerful. [potion of mutation]
   227 | D:2      | Gained mutation: Your flesh is very heat resistant. (rF++)
                  | [potion of mutation]
   227 | D:2      | Gained mutation: You are strong-willed. (Will+) [potion of
                  | mutation]
   289 | D:2      | Reached XP level 2. HP: 22/22 MP: 1/5
   391 | D:2      | Learned a level 2 spell: Searing Ray
   460 | D:3      | Reached XP level 3. HP: 19/28 MP: 1/6
   461 | D:3      | Reached skill level 5 in Conjurations
   461 | D:3      | Reached XP level 4. HP: 24/36 MP: 0/8
   541 | D:3      | Lost mutation: You are strong-willed. (Will+) [potion of
                  | mutation]
   541 | D:3      | Lost mutation: You have a pair of small antennae on your
                  | head. [potion of mutation]
   541 | D:3      | Gained mutation: You have a pair of small horns on your
                  | head. [potion of mutation]
   541 | D:3      | Gained mutation: You have hidden genetic potential. [potion
                  | of mutation]
  1750 | D:4      | Reached XP level 5. HP: 40/41 MP: 4/9
  1750 | D:4      | Gained mutation: Your tail ends in a venomous barb. [hidden
                  | potential]
  1752 | D:4      | Found a white marble altar of Elyvilon.
  1796 | D:4      | Reached skill level 6 in Conjurations
  2019 | D:4      | Noticed Eustachio
  2049 | D:4      | HP: 1/41 [white imp/puff of frost[Eustachio] (6)]
  2050 | D:4      | Killed from afar by a white imp

Illustrated notes

Levels and vault maps discovered:
D:1:      saegor_arrival_simple_c, layout_rooms, serial_shops, shop,
          kennysheep_nondescript, minmay_misc_feat_ornament
D:2:      layout_basic, serial_shops, nicolae_shop_tiny_statue_garden,
          nicolae_shop_scrapyard, shop, shop
D:3:      layout_loops_ring
D:4:      layout_rooms, elyvilon_altar_1, minmay_temple_entry_trees,
          uniq_eustachio

Skill      XL: |  1  2  3  4  5 |
---------------+----------------+-----
Conjurations   | 5 6 |  6.0
Spellcasting   | 3 |  3.4
Dodging        | |  1.7
Stealth        | |  1.7

Action                     |  1- 3 |  4- 6 || total
---------------------------+-------+-------++-------
  Melee: Unarmed           |       |    28 ||    28
         Headbutt          |       |     5 ||     5
         Tailslap          |       |     3 ||     3
   Cast: Magic Dart        |    17 |    63 ||    80
         Searing Ray       |     1 |     5 ||     6
    Use: Potion            |     2 |     2 ||     4
         Scroll            |       |     1 ||     1
 Armour: Skin              |     2 |    18 ||    20
  Dodge: Dodged            |     2 |    34 ||    36
